 Dungeon Crawl Stone Soup version 0.20-a0-263-g81abdfb (webtiles) character file.

1404 yukitheduck the Slinger (level 8, -5/64 HPs)
             Began as a Spriggan Arcane Marksman on Dec 4, 2016.
             Slain by an orc warrior
             ... wielding a +0 battleaxe
              (7 damage)
             ... on level 6 of the Dungeon.
             The game lasted 00:28:59 (8155 turns).

yukitheduck the Slinger (Spriggan Arcane Marksman)  Turns: 8155, Time: 00:28:59

Health: -5/64      AC: 24    Str:  4 (7)  XL:     8   Next: 42%
Magic:  0/20       EV:  4    Int: 14 (15) God:
Gold:   252        SH:  0    Dex: 16 (17) Spells: 9/9 levels left

rFire  + . .     SeeInvis +     a - +1 hunting sling
rCold  . . .     Gourm    .     (armour currently unavailable)
rNeg   + + +     Faith    .     (shield restricted)
rPois  +         Spirit   +     (helmet currently unavailable)
rElec  .         Reflect  .     (cloak currently unavailable)
rCorr  .         Harm     .     (gloves unavailable)
MR     +....     NoTele   +     (boots unavailable)
Stlth  +.........               i - amulet of guardian spirit
                                t - ring of protection from fire
                                p - ring of magical power

@: tree-form
A: unfitting armour, see invisible, herbivore 3, (speed 0), slow metabolism 2
a: no special abilities


You were on level 6 of the Dungeon.
You were not hungry.
You were a tree.
You visited 1 branch of the dungeon, and saw 6 of its levels.

You collected 252 gold pieces.

Inventory:

Hand Weapons
 a - a +1 hunting sling (weapon)
 n - a +0 short sword
Missiles
 b - 57 stones (quivered)
 j - 55 poisoned needles
 u - 8 curare-tipped needles
Armour
 e - a +0 robe (melded)
 k - a +0 hat
 o - a +0 buckler
 s - a +0 cloak (melded)
 y - a +2 hat (melded)
Jewellery
 i - an amulet of guardian spirit (around neck)
 p - a ring of magical power (left branch)
 t - a ring of protection from fire (right branch)
 F - a cursed ring of loudness {unknown}
 H - an uncursed ring of protection from fire
Wands
 q - a wand of lightning (0/15)
Scrolls
 g - 2 scrolls of magic mapping
 h - 6 scrolls of identify
 v - a scroll of fog
 x - a scroll of teleportation
 z - a scroll of recharging {unknown}
 B - 3 scrolls of remove curse
 E - a scroll of fear {unknown}
Potions
 m - a potion of brilliance
 w - 2 potions of degeneration
 A - a potion of might
 C - a potion of cancellation
Books
 c - a book of Debilitation

   Spells                             Type                      Level
   a - Corona                         Hexes                        1
   b - Slow                           Hexes                        2
   c - Gell's Gravitas                Hexes/Translocation          3
   d - Inner Flame                    Hexes/Fire                   3
   e - Cause Fear                     Hexes                        4
   f - Leda's Liquefaction            Hexes/Earth                  4
Comestibles
 f - 4 bread rations
 l - a slice of pizza
 D - 3 fruits


   Skills:
 - Level 5.2 Fighting
 + Level 9.8 Slings
 - Level 4.1 Dodging
 - Level 1.3 Spellcasting
   Level 3.6 Hexes


You had 9 spell levels left.
You didn't know any spells.

Dungeon Overview and Level Annotations

Branches:
Dungeon (6/15)
 Temple: D:4-7

Altars:
Kikubaaqudgha

Annotations:
D:6 Grinder, Prince Ribbit


Innate Abilities, Weirdness & Mutations

You are very small and have problems with some larger weapons.
You are too small for most types of armour.
You have supernaturally acute eyesight. (SInv)
You are a herbivore.
((You cover ground extremely quickly.))
You need consume almost no food.


Message History

The orc warrior hits you but does no damage.
The orc warrior hits you with a battleaxe!
* * * LOW HITPOINT WARNING * * *
You clumsily bash the orc warrior but do no damage.
The orc warrior is heavily wounded.
The orc warrior hits you but does no damage.
You barely miss the orc warrior.
The orc warrior is heavily wounded.
The orc warrior hits you but does no damage.
You clumsily bash the orc warrior but do no damage.
The orc warrior is heavily wounded.
The orc warrior hits you with a battleaxe.
* * * LOW HITPOINT WARNING * * *
You completely miss the orc warrior.
The orc warrior is heavily wounded.
The orc warrior hits you but does no damage.
You clumsily bash the orc warrior but do no damage.
The orc warrior is heavily wounded.
The orc warrior hits you with a battleaxe!
You die...

#(( #.. #5#
#o# #Z# #o#
#o# #♣# #(# #
#.# .#
#.###### .#
#......####..#
#(####......#
### #....###
#....# #.####
##


You could see Grinder, an orc warrior, 2 orcs and a killer bee zombie.

Vanquished Creatures
  Duvessa (D:5)
  2 sky beasts (D:5)
  A phantom (D:4)
  A necrophage (D:5)
  2 ogres
  Dowan (D:5)
  A wyvern zombie (D:4)
  A scorpion (D:4)
  A howler monkey (D:4)
  2 crimson imps
  2 hounds
  A bullfrog skeleton (D:4)
  An orc priest (D:6)
  Crazy Yiuf (D:3)
  A jelly (D:6)
  An iguana (D:4)
  4 worker ants
  An orc wizard (D:3)
  A killer bee zombie (D:4)
  A hound zombie (D:5)
  A worker ant zombie (D:4)
  3 adders
  A howler monkey skeleton (D:5)
  A shadow imp (D:6)
  An ooze (D:1)
  5 worms
  3 dart slugs (D:2)
  5 leopard geckos
  9 orcs
  A ball python (D:1)
  3 giant cockroaches
  5 goblins
  3 hobgoblins
  3 jackals (D:1)
  6 kobolds
  A quokka (D:5)
  6 bats
  6 frilled lizards
  3 rats
  A fungus (D:3)
94 creatures vanquished.

Notes
Turn   | Place    | Note
-------+----------+-------------------------------------------
     0 | D:1      | yukitheduck the Spriggan Arcane Marksman began the quest for the Orb.
     0 | D:1      | Reached XP level 1. HP: 9/9 MP: 3/3
    13 | D:1      | Reached skill level 1 in Fighting
   145 | D:1      | Reached skill level 3 in Slings
   244 | D:1      | Reached XP level 2. HP: 14/14 MP: 5/5
   802 | D:1      | Reached skill level 4 in Slings
  1041 | D:1      | You fall through a shaft!
  1163 | D:2      | Reached XP level 3. HP: 18/18 MP: 6/6
  2884 | D:3      | Reached XP level 4. HP: 23/23 MP: 7/7
  3297 | D:3      | Reached skill level 5 in Slings
  3992 | D:3      | Gained mutation: You have sharp toenails. [potion of mutation]
  3992 | D:3      | Gained mutation: You are agile. (Dex +2) [potion of mutation]
  3993 | D:3      | Lost mutation: You are agile. (Dex +2) [potion of cure mutation]
  3993 | D:3      | Lost mutation: You have sharp toenails. [potion of cure mutation]
  4241 | D:3      | Reached XP level 5. HP: 18/26 MP: 8/8
  4785 | D:3      | Found a runed door.
  4789 | D:3      | Noticed Crazy Yiuf
  4809 | D:3      | Killed Crazy Yiuf
  4809 | D:3      | Reached skill level 6 in Slings
  5023 | D:4      | Noticed a phantom
  5047 | D:4      | Killed a phantom
  5047 | D:4      | Reached skill level 7 in Slings
  5047 | D:4      | Reached XP level 6. HP: 14/30 MP: 9/9
  5731 | D:4      | Reached XP level 7. HP: 27/36 MP: 10/10
  5837 | D:4      | Reached skill level 8 in Slings
  6010 | D:4      | Found an ancient bone altar of Kikubaaqudgha.
  6351 | D:5      | Entered Level 5 of the Dungeon
  6437 | D:5      | Reached skill level 9 in Slings
  6976 | D:5      | Noticed Dowan
  6982 | D:5      | Noticed Duvessa
  7001 | D:5      | Killed Duvessa
  7001 | D:5      | Reached XP level 8. HP: 24/42 MP: 10/11
  7017 | D:5      | Killed Dowan
  7109 | D:5      | Reached skill level 5 in Fighting
  7970 | D:6      | Noticed Prince Ribbit
  8124 | D:6      | Noticed Grinder
  8153 | D:6      | HP: 2/64 [orc warrior/battleaxe (3)]
  8155 | D:6      | Slain by an orc warrior

Vault maps used:
D:1:      dpeg_chamrin_arrival_tetris, serial_co_window_serial,
          co_window_corner_a, co_window_paths_a, co_window_paths_a,
          co_window_paths_b, co_window_paths_a, co_window_cross_1,
          co_window_paths_a, co_window_broadway_a, co_window_corner_b,
          co_window_paths_c, co_window_paths_e
D:2:      first_bread
D:3:      uniq_crazy_yiuf_cottage
D:4:      kiku_gazebo_pond_becter, corexii_leaking_fountain
D:5:      hangedman_abyss_or_decor_slice, kennysheep_generic_room_4,
          uniq_duvessa
D:6:      chequers_temple_overflow_minitemple, uniq_grinder, uniq_prince_ribbit1

Skill      XL: |  1  2  3  4  5  6  7  8 |
---------------+-------------------------+-----
Fighting       | 1 2 3 4 5 |  5.2
Slings         | 3 4 5 7 9 |  9.8
Dodging        | 4 |  4.1
Spellcasting   | |  1.3
Hexes          | |  3.6

Action                   |  1- 3 |  4- 6 |  7- 9 || total
-------------------------+-------+-------+-------++-------
Melee: Short sword       |       |    26 |       ||    26
       Hunting sling     |       |       |    11 ||    11
 Fire: Hunting sling     |   148 |   214 |   291 ||   653
 Cast: Corona            |     1 |       |       ||     1
Evoke: Wand              |       |       |     3 ||     3
  Use: Scroll            |     7 |     2 |     2 ||    11
       Potion            |       |     4 |     4 ||     8
 Stab: Sleeping          |       |     1 |       ||     1
  Eat: Royal jelly       |       |     1 |     1 ||     2
Armor: Robe              |     4 |     6 |     6 ||    16
       Skin              |       |       |     6 ||     6
Dodge: Dodged            |    36 |    79 |    54 ||   169
